 Dungeon Crawl Stone Soup version 0.28.0-53-g5a82cb258f (webtiles) character file.

Game seed: 6431085803531305677

173 jiml777 the Gusty (level 5, -1/37 HPs)
             Began as a Gnoll Air Elementalist on July 8, 2022.
             Slain by a gnoll sergeant
             ... wielding a +0 vorpal spear
              (3 damage)
             ... on level 4 of the Dungeon.
             The game lasted 00:18:48 (4362 turns).

jiml777 the Gusty (Gnoll Air Elementalist)          Turns: 4362, Time: 00:18:48

Health: -1/37      AC:  3    Str:  7    XL:     5   Next: 53%
Magic:  10/12      EV: 13    Int: 16    God:
Gold:   23         SH:  5    Dex: 13    Spells: 13/14 levels left

rFire   + . .      SeeInvis .   x - +9 short sword of Harmony {drain, rPois rCorr}
rCold   + . .      Faith    .   (no shield)
rNeg    . . .      Spirit   .   o - +0 leather armour
rPois   +          Reflect  +   (no helmet)
rElec   +          Harm     .   (no cloak)
rCorr   +          Rampage  .   (no gloves)
Will    .....                   (no boots)
Stlth   ++........              h - amulet of reflection
HPRegen 0.12/turn               s - ring of wizardry
MPRegen 0.13/turn               v - ring of flight

@: resistant, flying
A: fangs 1, strong nose, distributed training
a: no special abilities


You were on level 4 of the Dungeon.
You visited 1 branch of the dungeon, and saw 4 of its levels.

You collected 159 gold pieces.
You spent 136 gold pieces at shops.

Inventory:

Hand Weapons
 g - a +0 dagger
 p - a +0 hand axe
 t - a +0 short sword
 x - the +9 short sword of Harmony (weapon) {drain, rPois rCorr}
   (You bought it in a shop on level 1 of the Dungeon)

   A truly terrible weapon, it drains the life of any living foe it strikes.
   rPois:     It protects you from poison.
   rCorr:     It protects you from acid and corrosion.
Missiles
 b - 165 stones
 k - 4 poisoned darts
 l - 2 throwing nets
 u - 20 bolts
 y - 26 arrows
Armour
 a - a +0 robe
 o - a +0 leather armour (worn)
Magical Staves
 q - a staff of conjuration
Jewellery
 h - an amulet of reflection (around neck)
 s - a ring of wizardry (left hand)
 v - a ring of flight (right hand)
Wands
 j - a wand of polymorph (9)
Scrolls
 c - 2 scrolls of identify {unknown}
 d - a scroll of enchant armour {unknown}
 i - a scroll of enchant weapon {unknown}
 m - 2 scrolls of teleportation {unknown}
 r - a scroll of amnesia {unknown}
 z - a scroll of holy word {unknown}
Potions
 e - 2 potions of mutation {unknown}
 f - a potion of lignification {unknown}
 w - a potion of ambrosia {unknown}


   Skills:
 + Level 1.5 Fighting
 + Level 1.5 Short Blades
 + Level 1.5 Long Blades
 + Level 1.5 Axes
 + Level 1.5 Maces & Flails
 + Level 1.5 Polearms
 + Level 1.5 Staves
 + Level 1.5 Slings
 + Level 1.5 Bows
 + Level 1.5 Crossbows
 + Level 1.5 Throwing
 + Level 1.5 Armour
 + Level 4.8 Dodging
 + Level 4.4 Stealth
 + Level 1.5 Shields
 + Level 1.5 Unarmed Combat
 + Level 5.2 Spellcasting
 + Level 2.4 Conjurations
 + Level 1.2 Hexes
 + Level 1.2 Summonings
 + Level 1.2 Necromancy
 + Level 1.2 Translocations
 + Level 1.2 Transmutations
 + Level 1.2 Fire Magic
 + Level 1.2 Ice Magic
 + Level 5.5 Air Magic
 + Level 1.2 Earth Magic
 + Level 1.2 Poison Magic
 + Level 1.7 Invocations
 + Level 1.5 Evocations


You had 13 spell levels left.
You knew the following spells:

 Your Spells              Type           Power      Damage    Failure   Level
a - Shock                 Conj/Air       68%        1d7       1%          1

Your spell library contained the following spells:

 Spells                   Type           Power      Damage    Failure   Level
 Static Discharge         Conj/Air       17%        N/A       2%          2
 Swiftness                Air            22%        N/A       2%          3
 Summon Small Mammal      Summ           32%        N/A       5%          1
 Airstrike                Air            11%        N/A       9%          4
 Call Canine Familiar     Summ           8%         N/A       16%         3
 Summon Guardian Golem    Hex/Summ       8%         N/A       16%         3


Dungeon Overview and Level Annotations

Branches:
Dungeon (4/15)
 Temple: D:4-7

Altars:
Fedhas
The Shining One

Shops:
D:1 (?(:   D:3 [


Innate Abilities, Weirdness & Mutations

You have very sharp teeth.
Your uncanny sense of smell can sniff out nearby items.
Your experience applies equally to all skills.


Message History

The plant begins to die.
The gnoll shouts!
You see here a +0 spear.
There is an open door here.
Casting: Shock (safe; 1% risk of failure)
Confirm with . or Enter, or press ? or * to list all spells.
Aiming: Shock (safe; 1% risk of failure)
Press: ? - help, Shift-Dir - straight line The zap hits the gnoll sergeant but does no damage.
The zap misses the gnoll sergeant.
The gnoll sergeant misses you.
Casting: Shock (safe; 1% risk of failure)
Confirm with . or Enter, or press ? or * to list all spells.
Aiming: Shock (safe; 1% risk of failure)
Press: ? - help, Shift-Dir - straight line The zap hits the gnoll sergeant.
The gnoll sergeant is lightly wounded.
The zap hits the gnoll sergeant!
The gnoll sergeant is moderately wounded.
The gnoll sergeant barely misses you.
You barely miss the gnoll sergeant.
The gnoll sergeant is moderately wounded.
The gnoll sergeant hits you with a +0 vorpal spear.
The gnoll hits you with a +0 club.
You hit the gnoll sergeant. You drain the gnoll sergeant.
The gnoll sergeant is heavily wounded.
The gnoll hits you from afar with a +0 spear.
The gnoll sergeant hits you with a +0 vorpal spear!
The gnoll barely misses you.
You hit the gnoll sergeant. You drain the gnoll sergeant.
The gnoll sergeant is almost dead.
You block the gnoll's attack.
The gnoll sergeant hits you with a +0 vorpal spear.
* * * LOW HITPOINT WARNING * * *
x2 The gnoll hits you with a +0 club.
* * * LOW HITPOINT WARNING * * *
It was a potion of resistance.
You feel protected. You block the gnoll's attack.
The gnoll sergeant hits you with a +0 vorpal spear.
You die...

#..#............#
#..#............#
#..#............#
#..#............#
#..#............#
#..#......[.....# #####
#..#............#
#...#########.gggg..........#
...+.........@#............###
..##.....##..#....gg........)
###'##########'#....g.........)
#...##.....##..#...............
#............[.#...............
#..............#.........>.....
###...##.....##..#..............>
.#....##.....##..#....####.......
.'....#.....^....#....# #.......


You could see a gnoll sergeant (drained) and 3 gnolls.

Vanquished Creatures
  A jelly (D:4)
  A bullfrog skeleton (D:4)
  A gnoll (D:4)
  3 adders
  2 adder skeletons
  A worm (D:3)
  3 dart slugs
  3 endoplasms
  2 giant cockroaches
  5 goblins
  11 hobgoblins
  9 jackals (D:2)
  6 kobolds
  4 ball pythons
  3 bats
  2 frilled lizards
  8 rats
65 creatures vanquished.

Vanquished Creatures (others)
  A plant (D:4)
1 creature vanquished.

Grand Total: 66 creatures vanquished

Notes
Turn   | Place    | Note
-------+----------+-------------------------------------------
     0 | D:1      | jiml777 the Gnoll Air Elementalist began the quest for the
                  | Orb.
     0 | D:1      | Reached XP level 1. HP: 13/13 MP: 6/6
    16 | D:1      | Found Neokukah's Magic Scroll Shop.
   225 | D:1      | Found Daclukul's Weapon Boutique.
   244 | D:1      | Reached XP level 2. HP: 15/19 MP: 4/7
   431 | D:1      | Found Saret's Antique Weapon Shop.
   659 | D:1      | Found Orhuemuc's Book Shoppe.
  1150 | D:2      | Reached skill level 5 in Spellcasting
  1150 | D:2      | Reached XP level 3. HP: 25/25 MP: 5/9
  1372 | D:2      | Reached skill level 1 in Invocations
  2122 | D:3      | Reached skill level 1 in Fighting
  2122 | D:3      | Reached skill level 1 in Short Blades
  2122 | D:3      | Reached skill level 1 in Long Blades
  2122 | D:3      | Reached skill level 1 in Axes
  2122 | D:3      | Reached skill level 1 in Maces & Flails
  2122 | D:3      | Reached skill level 1 in Polearms
  2122 | D:3      | Reached skill level 1 in Staves
  2122 | D:3      | Reached skill level 1 in Slings
  2122 | D:3      | Reached skill level 1 in Bows
  2122 | D:3      | Reached skill level 1 in Crossbows
  2122 | D:3      | Reached skill level 1 in Throwing
  2122 | D:3      | Reached skill level 1 in Armour
  2122 | D:3      | Reached skill level 1 in Shields
  2122 | D:3      | Reached skill level 1 in Unarmed Combat
  2122 | D:3      | Reached skill level 1 in Evocations
  2187 | D:3      | Reached XP level 4. HP: 16/32 MP: 6/11
  2364 | D:3      | Found a blossoming altar of Fedhas.
  2380 | D:3      | Found a glowing golden altar of the Shining One.
  2716 | D:3      | Reached skill level 1 in Hexes
  2716 | D:3      | Reached skill level 1 in Summonings
  2716 | D:3      | Reached skill level 1 in Necromancy
  2716 | D:3      | Reached skill level 1 in Translocations
  2716 | D:3      | Reached skill level 1 in Transmutations
  2716 | D:3      | Reached skill level 1 in Fire Magic
  2716 | D:3      | Reached skill level 1 in Ice Magic
  2716 | D:3      | Reached skill level 1 in Earth Magic
  2716 | D:3      | Reached skill level 1 in Poison Magic
  3057 | D:3      | Found Wilonk's Antique Armour Emporium.
  3762 | D:4      | Reached XP level 5. HP: 36/37 MP: 8/12
  3986 | D:1      | Bought a brightly glowing short sword for 136 gold pieces
  3986 | D:1      | Identified the +9 short sword of Harmony {drain, rPois
                  | rCorr} (You bought it in a shop on level 1 of the Dungeon)
  4362 | D:4      | Slain by a gnoll sergeant

Illustrated notes

Levels and vault maps discovered:
D:1:      tarquinn_simple_flora_water_b, layout_loops_ring, serial_shops,
          nicolae_square_shop, shop, shop, nicolae_shop_hallway_plus,
          hangedman_decor_clover_reticule
D:2:      layout_loops_corners, serial_aquarium, aquarium_bridge_straight
          [aquarium_subvault_bridge, aquarium_subvault_window,
          aquarium_subvault_bridge, aquarium_subvault_window],
          aquarium_window_fake, aquarium_window_1, aquarium_window_corner,
          aquarium_window_1, aquarium_view_4, aquarium_balcony_1a,
          moated_statue, lightli_corner_chamber
D:3:      minmay_angry_zag, layout_basic, mainiacjoe_overflow_big_doors,
          serial_shops, shop, nicolae_figureground_pulse
D:4:      layout_gridville, nicolae_grassy_gnolls

Skill      XL: |  1  2  3  4 |
---------------+-------------+-----
Conjurations   | 2 |  2.4
Spellcasting   | 5 |  5.2
Invocations    | 1 |  1.7
Fighting       | 1 |  1.5
Short Blades   | 1 |  1.5
Long Blades    | 1 |  1.5
Axes           | 1 |  1.5
Maces & Flails | 1 |  1.5
Polearms       | 1 |  1.5
Staves         | 1 |  1.5
Slings         | 1 |  1.5
Bows           | 1 |  1.5
Crossbows      | 1 |  1.5
Throwing       | 1 |  1.5
Armour         | 1 |  1.5
Shields        | 1 |  1.5
Unarmed Combat | 1 |  1.5
Evocations     | 1 |  1.5
Hexes          | 1 |  1.2
Summonings     | 1 |  1.2
Necromancy     | 1 |  1.2
Translocations | 1 |  1.2
Transmutations | 1 |  1.2
Fire Magic     | 1 |  1.2
Ice Magic      | 1 |  1.2
Earth Magic    | 1 |  1.2
Poison Magic   | 1 |  1.2
Dodging        | |  4.8
Stealth        | |  4.4
Air Magic      | |  5.5

Action                   |  1- 3 |  4- 6 || total
-------------------------+-------+-------++-------
Melee: Dagger            |    48 |    71 ||   119
       Bite              |     3 |     7 ||    10
       Punch             |       |     3 ||     3
       Short sword       |       |    17 ||    17
 Cast: Shock             |    32 |    12 ||    44
  Use: Potion            |       |     1 ||     1
 Stab: Sleeping          |     9 |    10 ||    19
Armor: Robe              |     9 |     3 ||    12
       Leather armour    |       |     8 ||     8
Dodge: Dodged            |    24 |    42 ||    66
Block: Other             |     7 |     7 ||    14
